BSA
TORONTO TITANS @ NASSAU ROCKETS
08/17/2024
 
TOP OF THE 1ST
Toronto Titans batting - Pitching for Nassau Rockets : LHP Bill Allan
Pitching: LHP Bill Allan
Batting: SHB Ryobe Yamamoto 0-0: Ball
1-0: Ball
2-0: Called Strike
2-1: Foul Ball, location: 2F
2-2: Ground out U3 (Groundball, 3)
Batting: RHB Gilberto López 0-0: Ball
1-0: Swinging Strike
1-1: Ball
2-1: Ball
3-1: Base on Balls
Batting: RHB David Murray 0-0: Ball
1-0: Ball
2-0: Foul Ball, location: 2F
2-1: Ball
3-1: Base on Balls
Gilberto López to second
Batting: LHB Jorge Martínez 0-0: Foul Ball, location: 2F
0-1: Foul Ball, location: 2F
0-2: Foul Ball, location: 2F
0-2: Ball
1-2: Ball
2-2: Ball
3-2: Foul Ball, location: 2F
3-2: Foul Ball, location: 2F
3-2: SINGLE (Groundball, 56)
Gilberto López to third
David Murray to second
Runner from 3rd tries for Home, SAFE, throw made home
Batting: RHB Matt Doyle 0-0: Ball
1-0: Called Strike
1-1: Ball
2-1: Foul Ball, location: 2F
2-2: Strikes out swinging
Batting: RHB Manuel González 0-0: Ball
1-0: Fly out, F9 (Flyball, 89D)
Top of the 1st over - 1 run(s), 1 hit(s), 0 error(s), 2 left on base; Toronto 1 - Nassau 0
BOTTOM OF THE 1ST
Nassau Rockets batting - Pitching for Toronto Titans : RHP Arturo Medrano
Pitching: RHP Arturo Medrano
Batting: RHB Sadayoshi Kato 0-0: Called Strike
0-1: Foul Ball, location: 2F
0-2: Strikes out swinging
Batting: SHB Howard Parker 0-0: Ball
1-0: Foul Ball, location: 2F
1-1: Ball
2-1: Swinging Strike
2-2: Ball
3-2: Foul Ball, location: 2F
3-2: SINGLE (Groundball, 6MD)
Batting: LHB Alden Lindsey 0-0: Called Strike
0-1: Ball
1-1: Ball
2-1: Ball
3-1: Called Strike
3-2: SINGLE (Line Drive, 8RS)
Howard Parker to second
Batting: LHB Jarred Jackson 0-0: Foul Ball, location: 2F
0-1: Ball
1-1: Called Strike
1-2: Fly out, F8 (Line Drive, 8LD)
Runner from 2nd tags up, SAFE at 3rd, no throw
Batting: RHB Carlos MacKinney 0-0: Called Strike
0-1: Fly out, F3 (Popup, 13)
Bottom of the 1st over - 0 run(s), 2 hit(s), 0 error(s), 2 left on base; Toronto 1 - Nassau 0
TOP OF THE 2ND
Toronto Titans batting - Pitching for Nassau Rockets : LHP Bill Allan
Batting: LHB José Rodríguez 0-0: Ball
1-0: Swinging Strike
1-1: Called Strike
1-2: Ground out 4-3 (Groundball, 4M)
Batting: LHB Kent MacDulothe 0-0: Ball
1-0: Ball
2-0: Called Strike
2-1: Foul Ball, location: 2F
2-2: Fly out, F7 (Flyball, 78M)
Batting: LHB Anacleto Morillo 0-0: DOUBLE (Line Drive, 7LM)
Batting: SHB Ryobe Yamamoto 0-0: Ball
1-0: Swinging Strike
1-1: Ball
2-1: Ground out 4-3 (Groundball, 4)
Top of the 2nd over - 0 run(s), 1 hit(s), 0 error(s), 1 left on base; Toronto 1 - Nassau 0
BOTTOM OF THE 2ND
Nassau Rockets batting - Pitching for Toronto Titans : RHP Arturo Medrano
Batting: SHB Suezo Sugimoto 0-0: Called Strike
0-1: Foul Ball, location: 2F
0-2: Ball
1-2: Foul Ball, location: 2F
1-2: Foul Ball, location: 2F
1-2: Foul Ball, location: 2F
1-2: Ball
2-2: Strikes out swinging
Batting: RHB Ed Sims 0-0: Foul Ball, location: 2F
0-1: Ball
1-1: Foul Ball, location: 2F
1-2: Ball
2-2: Foul Ball, location: 2F
2-2: Strikes out swinging
Batting: LHB Rafael Delgado 0-0: Ball
1-0: SINGLE (Line Drive, 6D)
Batting: RHB Vern Carlton 0-0: Ball
Rafael Delgado steals 2nd base
1-0: Ball
2-0: Foul Ball, location: 2F
2-1: Fly out, F8 (Flyball, 8LM)
Bottom of the 2nd over - 0 run(s), 1 hit(s), 0 error(s), 1 left on base; Toronto 1 - Nassau 0
TOP OF THE 3RD
Toronto Titans batting - Pitching for Nassau Rockets : LHP Bill Allan
Batting: RHB Gilberto López 0-0: Ball
1-0: Ball
2-0: Swinging Strike
2-1: Ball
3-1: Foul Ball, location: 2F
3-2: Fly out, F8 (Line Drive, 8LS)
Batting: RHB David Murray 0-0: Fly out, F7 (Flyball, 7LD)
Batting: LHB Jorge Martínez 0-0: Foul Ball, location: 2F
0-1: Called Strike
0-2: Ball
1-2: Foul Ball, location: 2F
1-2: Foul Ball, location: 2F
1-2: Ball
2-2: Ball
3-2: Ground out 2-3 (Groundball, 2L)
Top of the 3rd over - 0 run(s), 0 hit(s), 0 error(s), 0 left on base; Toronto 1 - Nassau 0
BOTTOM OF THE 3RD
Nassau Rockets batting - Pitching for Toronto Titans : RHP Arturo Medrano
Batting: RHB Sadayoshi Kato 0-0: Ball
1-0: Ball
2-0: Called Strike
2-1: Foul Ball, location: 2F
2-2: Ball
3-2: Fly out, F7 (Flyball, 7LM)
Batting: SHB Howard Parker 0-0: Called Strike
0-1: Fly out, F5 (Popup, 5)
Batting: LHB Alden Lindsey 0-0: Called Strike
0-1: Ball
1-1: Foul Ball, location: 2F
1-2: Foul Ball, location: 2F
1-2: Strikes out swinging
Bottom of the 3rd over - 0 run(s), 0 hit(s), 0 error(s), 0 left on base; Toronto 1 - Nassau 0
TOP OF THE 4TH
Toronto Titans batting - Pitching for Nassau Rockets : LHP Bill Allan
Batting: RHB Matt Doyle 0-0: Foul Ball, location: 2F
0-1: Ball
1-1: Ground out 5-3 (Groundball, 56)
Batting: RHB Manuel González 0-0: Called Strike
0-1: Ball
1-1: Ball
2-1: Called Strike
2-2: Strikes out looking
Batting: LHB José Rodríguez 0-0: Called Strike
0-1: Ball
1-1: Called Strike
1-2: Ground out U3 (Groundball, 3L)
Top of the 4th over - 0 run(s), 0 hit(s), 0 error(s), 0 left on base; Toronto 1 - Nassau 0
BOTTOM OF THE 4TH
Nassau Rockets batting - Pitching for Toronto Titans : RHP Arturo Medrano
Batting: LHB Jarred Jackson 0-0: Ball
1-0: Called Strike
1-1: Swinging Strike
1-2: Ball
2-2: Ball
3-2: Base on Balls
Batting: RHB Carlos MacKinney 0-0: Ball
1-0: Ball
2-0: SINGLE (Groundball, 56D) (infield hit)
Jarred Jackson to second
Batting: SHB Suezo Sugimoto 0-0: SINGLE (Line Drive, 4D)
Jarred Jackson to third
Carlos MacKinney to second
Batting: RHB Ed Sims 0-0: Called Strike
0-1: Ball
1-1: Called Strike
1-2: Fly out, F4 (Popup, 4MD)
Batting: LHB Rafael Delgado 0-0: Foul Ball, location: 2F
0-1: Grounds into double play, U6-3 (Groundball, 6)
Bottom of the 4th over - 0 run(s), 2 hit(s), 0 error(s), 2 left on base; Toronto 1 - Nassau 0
TOP OF THE 5TH
Toronto Titans batting - Pitching for Nassau Rockets : LHP Bill Allan
Batting: LHB Kent MacDulothe 0-0: Ball
1-0: Ground out 1-3 (Groundball, 15)
Batting: LHB Anacleto Morillo 0-0: Ball
1-0: Called Strike
1-1: Called Strike
1-2: Foul Ball, location: 2F
1-2: Fly out, F3 (Line Drive, 34)
Batting: SHB Ryobe Yamamoto 0-0: Bunt for hit - play at first, batter safe!
Batting: RHB Gilberto López 0-0: Ball
1-0: Swinging Strike
1-1: Ball
2-1: Foul Ball, location: 2F
2-2: Ball
3-2: Fly out, F7 (Line Drive, 7S)
Top of the 5th over - 0 run(s), 1 hit(s), 0 error(s), 1 left on base; Toronto 1 - Nassau 0
BOTTOM OF THE 5TH
Nassau Rockets batting - Pitching for Toronto Titans : RHP Arturo Medrano
Batting: RHB Vern Carlton 0-0: Called Strike
0-1: Swinging Strike
0-2: Ball
1-2: Ball
2-2: Ball
3-2: Foul Ball, location: 2F
3-2: Strikes out swinging
Batting: RHB Sadayoshi Kato 0-0: Ball
1-0: Foul Ball, location: 2F
1-1: Foul Ball, location: 2F
1-2: Foul Ball, location: 2F
1-2: Ball
2-2: Strikes out swinging
Batting: SHB Howard Parker 0-0: Ball
1-0: Ground out 3-1 (Groundball, 3)
Bottom of the 5th over - 0 run(s), 0 hit(s), 0 error(s), 0 left on base; Toronto 1 - Nassau 0
TOP OF THE 6TH
Toronto Titans batting - Pitching for Nassau Rockets : LHP Bill Allan
Batting: RHB David Murray 0-0: Swinging Strike
0-1: Foul Ball, location: 2F
0-2: Ball
1-2: Ground out 5-3 (Groundball, 5L)
Batting: LHB Jorge Martínez 0-0: Ball
1-0: Ball
2-0: Ball
3-0: Base on Balls
Batting: RHB Matt Doyle 0-0: Ball
1-0: Ball
2-0: Swinging Strike
2-1: Ball
3-1: Ground out 3-1 (Groundball, 34)
Jorge Martínez to second
Batting: RHB Manuel González 0-0: Called Strike
0-1: Fly out, F8 (Line Drive, 8RM)
Top of the 6th over - 0 run(s), 0 hit(s), 0 error(s), 1 left on base; Toronto 1 - Nassau 0
BOTTOM OF THE 6TH
Nassau Rockets batting - Pitching for Toronto Titans : RHP Arturo Medrano
Batting: LHB Alden Lindsey 0-0: Called Strike
0-1: Ball
1-1: Foul Ball, location: 2F
1-2: SINGLE (Line Drive, 6MD)
Batting: LHB Jarred Jackson 0-0: Ball
1-0: Hit by Pitch
Alden Lindsey to second
Batting: RHB Carlos MacKinney 0-0: Ball
1-0: Swinging Strike
1-1: Swinging Strike
1-2: DOUBLE (Groundball, 5L)
Alden Lindsey scores
Jarred Jackson to third
Batting: SHB Suezo Sugimoto 0-0: Foul Ball, location: 2F
0-1: Swinging Strike
0-2: Ground out 6-3 (Groundball, 6M)
Jarred Jackson scores
Carlos MacKinney to third
Batting: RHB Ed Sims 0-0: Called Strike
0-1: Swinging Strike
0-2: Fly out, F8 (Flyball, 8RM)
Runner from 3rd tags up, SCORES, throw made
Batting: LHB Rafael Delgado 0-0: Ball
1-0: Foul Ball, location: 2F
1-1: Ball
2-1: SINGLE (Line Drive, 8LS)
Pitching: LHP Roberto Vázquez
Batting: RHB Vern Carlton 0-0: Called Strike
Rafael Delgado is caught stealing 2nd base
Bottom of the 6th over - 3 run(s), 3 hit(s), 0 error(s), 0 left on base; Toronto 1 - Nassau 3
TOP OF THE 7TH
Toronto Titans batting - Pitching for Nassau Rockets : LHP Bill Allan
Pitching: RHP José García
Batting: LHB José Rodríguez 0-0: Ball
1-0: Ball
2-0: Called Strike
2-1: Fly out, F7 (Flyball, 7D)
Batting: LHB Kent MacDulothe 0-0: Swinging Strike
0-1: Fly out, F5 (Popup, 5DF)
Batting: LHB Anacleto Morillo 0-0: Ball
1-0: Called Strike
1-1: Foul Ball, location: 2F
1-2: Ball
2-2: Ball
3-2: Base on Balls
Batting: SHB Ryobe Yamamoto 0-0: Foul Ball, location: 2F
0-1: Swinging Strike
0-2: SINGLE (Groundball, 5D)
Anacleto Morillo to second
Batting: RHB Gilberto López 0-0: Called Strike
0-1: Ball
1-1: Ball
2-1: Fly out, F8 (Flyball, 8LD)
Top of the 7th over - 0 run(s), 1 hit(s), 0 error(s), 2 left on base; Toronto 1 - Nassau 3
BOTTOM OF THE 7TH
Nassau Rockets batting - Pitching for Toronto Titans : LHP Roberto Vázquez
Batting: RHB Vern Carlton 0-0: Reached on error, E5 (Groundball, 5L)
Batting: RHB Sadayoshi Kato 0-0: Foul Ball, location: 2F
0-1: Ball
1-1: Called Strike
1-2: Foul Ball, location: 2F
1-2: Foul Ball, location: 2F
1-2: Ground out 4-3 (Groundball, 4M)
Vern Carlton to third
Batting: SHB Howard Parker 0-0: Foul Ball, location: 2F
0-1: Foul Ball, location: 2F
0-2: Foul Ball, location: 2F
0-2: Ball
1-2: Ground out 6-3 (Groundball, 6M)
Vern Carlton scores
Batting: LHB Alden Lindsey 0-0: Called Strike
0-1: Ball
1-1: Ball
2-1: Ground out U3 (Groundball, 3)
Bottom of the 7th over - 1 run(s), 0 hit(s), 1 error(s), 0 left on base; Toronto 1 - Nassau 4
TOP OF THE 8TH
Toronto Titans batting - Pitching for Nassau Rockets : RHP José García
Batting: RHB David Murray 0-0: Called Strike
0-1: Ball
1-1: Ball
2-1: Foul Ball, location: 2F
2-2: Ball
3-2: Fly out, F7 (Flyball, 7M)
Batting: LHB Jorge Martínez 0-0: Foul Ball, location: 2F
0-1: Ball
1-1: Ball
2-1: Called Strike
2-2: Ball
3-2: SINGLE (Groundball, 34D)
Batting: RHB Matt Doyle 0-0: Ball
1-0: Ball
2-0: Ball
3-0: Base on Balls
Jorge Martínez to second
Batting: RHB Manuel González 0-0: Ball
1-0: Foul Ball, location: 2F
1-1: Ball
2-1: Ball
3-1: Base on Balls
Jorge Martínez to third
Matt Doyle to second
Pitching: RHP Augusto Muńíz
Batting: LHB José Rodríguez 0-0: Ball
1-0: Called Strike
1-1: Ball
2-1: Called Strike
2-2: Foul Ball, location: 2F
2-2: SINGLE (Groundball, 3L)
Jorge Martínez scores
Matt Doyle to third
Manuel González to second
Runner from 3rd tries for Home, SAFE, throw made home
Manuel González to third
José Rodríguez to second
Batting: LHB Kent MacDulothe 0-0: Ball
1-0: Called Strike
1-1: Ball
2-1: Ball
3-1: Foul Ball, location: 2F
3-2: Strikes out looking
Batting: LHB Anacleto Morillo 0-0: Ball
1-0: Called Strike
1-1: Called Strike
1-2: Foul Ball, location: 2F
1-2: Ball
2-2: Fly out, F6 (Popup, 4M)
Top of the 8th over - 2 run(s), 2 hit(s), 0 error(s), 2 left on base; Toronto 3 - Nassau 4
BOTTOM OF THE 8TH
Nassau Rockets batting - Pitching for Toronto Titans : LHP Roberto Vázquez
Batting: LHB Jarred Jackson 0-0: Swinging Strike
0-1: Ball
1-1: Foul Ball, location: 2F
1-2: Ball
2-2: Ball
3-2: Base on Balls
Pitching: RHP David Lester
Batting: RHB Carlos MacKinney 0-0: Ball
1-0: SINGLE (Groundball, 6MD)
Jarred Jackson to second
Pinch Hitting: RHB Felipe Rivera 0-0: Called Strike
0-1: Bunted foul
0-2: Foul Ball, location: 2F
0-2: Ball
1-2: Foul Ball, location: 2F
1-2: Ball
2-2: Fly out, F4 (Popup, 4D)
Batting: RHB Ed Sims 0-0: Ball
1-0: Foul Ball, location: 2F
1-1: Ball
2-1: SINGLE (Flyball, 4MD)
Jarred Jackson to third
Carlos MacKinney to second
Runner from 3rd tries for Home, SAFE, throw made home
Carlos MacKinney to third
Ed Sims to second
Batting: LHB Rafael Delgado 0-0: Ball
1-0: Ball
2-0: Ground out 3-1 (Groundball, 34)
Carlos MacKinney scores
Ed Sims to third
Batting: RHB Vern Carlton 0-0: Called Strike
0-1: Ball
1-1: SINGLE (Groundball, 56D)
Ed Sims scores
Batting: RHB Sadayoshi Kato 0-0: Called Strike
0-1: Foul Ball, location: 2F
0-2: Foul Ball, location: 2F
0-2: Ball
1-2: Ball
2-2: Ground out 1-3 (Groundball, 15)
Bottom of the 8th over - 3 run(s), 3 hit(s), 0 error(s), 1 left on base; Toronto 3 - Nassau 7
TOP OF THE 9TH
Toronto Titans batting - Pitching for Nassau Rockets : RHP Augusto Muńíz
Now in LF: Felipe Rivera
Batting: SHB Ryobe Yamamoto 0-0: Bunt missed!
0-1: Ball
1-1: Swinging Strike
1-2: Ball
2-2: Fly out, F8 (Flyball, 8LM)
Batting: RHB Gilberto López 0-0: Ball
1-0: Ground out 4-3 (Groundball, 4)
Batting: RHB David Murray 0-0: Foul Ball, location: 2F
0-1: Ball
1-1: Fly out, F3 (Popup, 3D)
Top of the 9th over - 0 run(s), 0 hit(s), 0 error(s), 0 left on base; Toronto 3 - Nassau 7
This league is powered by Out of the Park Baseball, the baseball management simulation game for PC, Mac and Linux
Saturday, April 9th, 2016 - OOTP Baseball 16.8 Build 38